 Dungeon Crawl Stone Soup version 0.21.0 (webtiles) character file.

18 tidbits the Insei (level 2, -12/31 HPs)
             Began as a Barachi Transmuter on Jan 6, 2018.
             Killed by nerve-wracking pain
             ... invoked by a shadow imp
             ... summoned by Natasha
              (13 damage)
             ... on level 2 of the Dungeon.
             The game lasted 00:04:22 (580 turns).

tidbits the Insei (Barachi Transmuter)               Turns: 580, Time: 00:04:23

Health: -12/31     AC:  3    Str: 16    XL:     2   Next: 70%
Magic:  2/5        EV: 12    Int: 13    God:
Gold:   66         SH:  0    Dex: 12    Spells: 3/6 levels left

rFire    + . .     SeeInvis .     - Unarmed
rCold    + . .     Gourm    .   (no shield)
rNeg     . . .     Faith    .   b - +1 robe
rPois    +         Spirit   .   (no helmet)
rElec    +         Reflect  .   (no cloak)
rCorr    +         Harm     .   (no gloves)
MR       .....                  (no boots)
Stlth    ..........             (no amulet)
HPRegen  0.10/turn              (no ring)
MPRegen  0.09/turn              (no ring)

@: mighty, berserking, resistant, very slightly contaminated, slowed, slow
A: +LOS, swims, slowness 1, strong legs 1
a: Hop


You were on level 2 of the Dungeon.
You were not hungry.

You visited 1 branch of the dungeon, and saw 3 of its levels.

You collected 66 gold pieces.

Inventory:

Hand Weapons
 f - a +0 dagger
Missiles
 a - 23 arrows
 e - 77 stones (quivered)
Armour
 b - a +1 robe (worn)
Scrolls
 i - 2 scrolls of enchant armour
Books
 c - a book of Changes

   Spells                             Type                      Level
   a - Beastly Appendage              Transmutation                1
   b - Sticks to Snakes               Transmutation                2
   c - Spider Form                    Transmutation/Poison         3
   d - Ice Form                       Ice/Transmutation            4
   e - Blade Hands                    Transmutation                5
Comestibles
 d - a ration


   Skills:
 - Level 1.2 Fighting
 - Level 2.1 Dodging
 - Level 3.2 Unarmed Combat
 + Level 2.8 Spellcasting
 + Level 2.9 Transmutations


You had 3 spell levels left.
You knew the following spells:

 Your Spells              Type           Power        Failure   Level  Hunger
a - Beastly Appendage     Tmut           #.....       7%          1    #......
k - Sticks to Snakes      Tmut           #.......     11%         2    ###....


Dungeon Overview and Level Annotations

Branches:
Dungeon (3/15)

Altars:

Annotations:
D:2 Natasha; Robin
D:3 tidbits's ghost, weakling BaSk


Innate Abilities, Weirdness & Mutations

Shadows flee at your approach. (+LOS)
You can swim through water.
You cover ground slowly.
You can hop short distances.


Message History

You swing at nothing.
You swing at nothing.
You swing at nothing.
You swing at nothing.
You swing at nothing.
You swing at nothing.
You swing at nothing.
You swing at nothing.
You swing at nothing.
You swing at nothing.
You swing at nothing.
You swing at nothing.
You swing at nothing.
You swing at nothing.
Wield which item (- for none, * to show all)? (? for menu, Esc to quit)
You are now empty-handed.
Found 5 gold pieces.
There is an open door here.
You now have 66 gold pieces (gained 5).
Found a scroll labeled CEPHOCRYULL.
m - a scroll labeled CEPHOCRYULL
Found 18 stones.
e - 77 stones (gained 18) As you open the door, it creaks loudly! 6 goblins, 2 hobgoblins and Robin come into view.
Robin shouts!
The goblin shouts!
The hobgoblin shouts!
The goblin picks up a glowing coppery potion.
Robin's horned helmet rattles.
Robin throws the goblin at you!
Found a scroll labeled CEPHOCRYULL.
A goblin comes into view. It is wielding a dagger.
The goblin shouts! x3
The goblin barely misses you. Robin throws the goblin at you!
The goblin closely misses you. The goblin misses you.
Robin throws the goblin at you!
The goblin shouts!
You hear a shout!
The goblin hits you with a dagger. The goblin hits you but does no damage.
The goblin hits you with a dagger.
Casting: Sticks to Snakes
Confirm with . or Enter, or press ? or * to list all spells.
You don't know that spell.
Casting: Sticks to Snakes
Confirm with . or Enter, or press ? or * to list all spells.
You miscast Beastly Appendage.
You are very lightly contaminated with residual magic.
Nothing appears to happen.
The goblin hits you with a club.
Casting: Beastly Appendage
Confirm with . or Enter, or press ? or * to list all spells.
You miscast Beastly Appendage.
Your skin glows momentarily.
The goblin misses you.
Casting: Beastly Appendage
Confirm with . or Enter, or press ? or * to list all spells.
You create a snake!
You now have 23 arrows.
The goblin hits you with a club.
* * * LOW HITPOINT WARNING * * *
You swap places.
Your ball python barely misses the goblin. x2
The goblin hits your ball python with a club.
Your ball python dies!
As you read the scroll labeled QYEPPIHA QEACO, it crumbles to dust.
It is a scroll of enchant armour.
Your +0 robe glows green for a moment.
Robin throws the goblin at you! The goblin misses you.
The goblin barely misses you.
As you read the scroll labeled FILOUJ SEALUOLL, it crumbles to dust.
You feel blessed for a moment.
It was a scroll of remove curse.
The goblin barely misses you.
As you read the scroll labeled HIZXUO TEILAOR, it crumbles to dust.
You feel strangely unstable.
It was a scroll of teleportation.
The goblin closely misses you.
Your surroundings suddenly seem different.
Natasha, Servant of Life and Death comes into view.
Natasha hisses angrily.
Natasha mumbles some strange words.
Unknown command.
As you read the scroll labeled CEPHOCRYULL, it crumbles to dust.
It is a scroll of identify.
k - a potion of berserk rage Natasha casts a spell at you.
You feel yourself slow down.
It was a potion of resistance.
You feel protected.
It was a potion of might.
You feel very mighty all of a sudden. Natasha casts a spell at you.
The magic dart hits you!
* * * LOW HITPOINT WARNING * * *
Natasha casts a spell.
The shadow imp hits you.
* * * LOW HITPOINT WARNING * * *
A red film seems to cover your vision as you go berserk!
You feel yourself moving faster!
You feel mighty! The shadow imp barely misses you.
You completely miss Natasha. Your punch misses Natasha.
Natasha mumbles some strange words.
Natasha shimmers violently.
Natasha completely misses you. The shadow imp gestures at you.
Pain shoots through your body!
You die...

#.# .. .# #.#
#.######.#### #.#
..#......... #.#
#.#......... #
#.#......... #
#.#......... #
#...........
#######.5h.......
........@5.......######
.........###+##.......#
.........# #.......#
..######.. # #.......#
....#. #.......#
....#.##.......#
...............#
.............†..##
####.#...........#


You could see Natasha and 2 shadow imps.

Vanquished Creatures
  2 jackals (D:2)
  2 quokkas (D:2)
  6 bats
  A frilled lizard (D:2)
  2 goblins (D:1)
  A kobold (D:1)
  3 rats
17 creatures vanquished.

Vanquished Creatures (collateral kills)
  A leopard gecko (D:3)
  A hobgoblin (D:2)
  A quokka (D:2)
3 creatures vanquished.

Grand Total: 20 creatures vanquished

Notes
Turn   | Place    | Note
-------+----------+-------------------------------------------
     0 | D:1      | tidbits the Barachi Transmuter began the quest for the Orb.
     0 | D:1      | Reached XP level 1. HP: 15/15 MP: 3/3
   145 | D:1      | Reached XP level 2. HP: 21/21 MP: 2/5
   172 | D:2      | Learned a level 2 spell: Sticks to Snakes
   333 | D:3      | Noticed tidbits's ghost (weakling BaSk)
   341 | D:2      | HP: 2/21 [quokka (3)]
   558 | D:2      | Noticed Robin
   575 | D:2      | Noticed Natasha
   578 | D:2      | HP: 1/21 [shadow imp[Natasha] (3)]
   580 | D:2      | Killed from afar by a shadow imp

Action                   || total
-------------------------++-------
Melee: Unarmed           ||    51
       Kick              ||     1
       Headbutt          ||     1
 Cast: Beastly Appendage ||    12
       Sticks to Snakes  ||     6
  Use: Scroll            ||     4
       Potion            ||     3
Armor: Robe              ||    17
Dodge: Dodged            ||    55

Table legend:
 A = Turns spent in this place as a percentage of turns spent in the entire game.
 B = Non-inter-level travel turns spent in this place as a percentage of non-inter-level travel turns spent in the entire game.
 C = Inter-level travel turns spent in this place as a percentage of turns spent in this place.
 D = Turns resting spent in this place as a percentage of non-inter-level travel turns spent in this place.
 E = Turns spent auto-exploring this place as a percentage of non-inter-level travel turns spent in this place.
 F = Non-inter-level travel turns spent in this place divided by the number of levels of this place that you've seen.
                   A       B       C       D       E      F
               +-------+-------+-------+-------+-------+----------------------
         Total | 100.0 | 100.0 |   0.0 |   0.0 |   0.0 | 193.3
       Dungeon | 100.0 | 100.0 |   0.0 |   0.0 |   0.0 | 193.3
               +-------+-------+-------+-------+-------+----------------------

Table legend:
 A = Kills in this place as a percentage of kills in entire the game.
 B = Kills by you in this place as a percentage of kills by you in the entire game.
 C = Kills by friends in this place as a percentage of kills by friends in the entire game.
 D = Other kills in this place as a percentage of other kills in the entire game.
 E = Experience gained in this place as a percentage of experience gained in the entire game.
 F = Experience gained in this place divided by the number of levels of this place that you have seen.
                   A       B       C       D       E      F
               +-------+-------+-------+-------+-------+----------------------
         Total | 100.0 | 100.0 | 100.0 |   N/A | 100.0 |   9.0
       Dungeon | 100.0 | 100.0 | 100.0 |   N/A | 100.0 |   9.0
               +-------+-------+-------+-------+-------+----------------------

Vault maps used:
D:1:      grunt_arrival_lava_bath
D:2:      chequers_ecumenical_altar_grove, uniq_natasha, uniq_robin
D:3:      evilmike_ruin_ashenzari, bloody_trog, first_ration,
          minmay_joined_circles
